Map: Vaani Research Station (Void)

Players

TRǂbLitZ - Winner!

  • Race: Zerg Zerg
  • League: Diamond
  • Spawn Location: 6:00

Noraf

  • Race: Zerg Zerg
  • League: Diamond
  • Spawn Location: 12:00

VOD

Have the link to the VOD?

Description

Time

  • Played on: Nov. 26, 2016, 3:35 p.m.
  • Length: 9:54
Show
View Real Time Build Order
Export as new Build Order

TRǂbLitZ Zerg - Winner!

Build Orders: Hatch First, Zergling Baneling 

Get SALT Encoding   

  12  0:01  Drone  
  13  0:13  Overlord  
  14  0:21  Drone  
  14  0:32  Drone x2  
  16  0:38  Drone  
  17  0:48  Drone  
  18  1:00  Hatchery  
  18  1:01  Drone  
  18  1:08  Drone  
  19  1:12  Extractor  
  18  1:20  Spawning Pool  
  18  1:22  Drone  
  18  1:30  Drone  
  19  1:45  Overlord  
  19  1:53  Drone  
  20  2:01  Drone  
  20  2:07  Queen  
  23  2:11  Queen  
  23  2:12  Drone x2  
  23  2:13  Metabolic Boost  
  28  2:22  Drone  
  28  2:23  Drone  
  29  2:36  Baneling Nest  
  28  2:37  Drone x2  
  30  2:50  Hatchery  
  29  2:54  Overlord  
  29  2:59  Zergling x4  
  29  3:00  Zergling x2  
  32  3:07  Zergling x4  
  34  3:16  Zergling x4  
  34  3:17  Zergling x4  
  38  3:22  Zergling x6  
  38  3:23  Zergling x2  
  42  3:27  Baneling  
  42  3:29  Zergling x2  
  43  3:38  Zergling x2  
  43  4:02  Overlord x2  
  37  4:10  Zergling x10  
  37  4:11  Zergling x6  
  37  4:16  Baneling x4  
  45  4:17  Baneling  
  45  4:21  Zergling x2  
  45  4:22  Zergling x4  
  45  4:23  Baneling  
  48  4:24  Baneling  
  48  4:29  Zergling x2  
  46  4:50  Baneling x2  
  46  4:51  Overlord  
  46  4:52  Queen  
  47  4:53  Zergling x20  
  47  4:55  Baneling  
  47  4:56  Baneling  
  48  5:23  Drone  
  48  5:24  Drone  
  48  5:28  Drone x5  
  48  5:29  Drone x2  
  54  5:39  Zergling x4  
  53  5:45  Zergling x2  
  54  5:51  Zergling x6  
  54  5:55  Baneling x3  
  54  5:56  Baneling x4  
  56  6:00  Zergling x4  
  56  6:02  Baneling x3  
  45  6:31  Zergling x2  
  45  6:32  Zergling x28  
  57  6:38  Baneling x3  
  57  6:39  Baneling  
  56  6:46  Queen x2  
  55  6:48  Zergling x2  
  55  6:49  Zergling x6  
  57  7:00  Drone x6  
  63  7:08  Baneling x2  
  63  7:10  Spine Crawler, Baneling x2  
  62  7:20  Extractor, Roach Warren  
  60  7:23  Extractor  
  59  7:39  Drone, Zergling x10  
  59  7:40  Zergling x6  
  44  8:10  Zergling x8  
  46  8:26  Zergling x30  
  60  8:28  Baneling  
  60  8:29  Baneling x4  
  55  9:03  Queen  
  55  9:11  Baneling x3  
  55  9:12  Roach x3  
  55  9:13  Roach x6  
  73  9:24  Overlord x2  
  73  9:25  Overlord  
Show
View Real Time Build Order
Export as new Build Order

Noraf Zerg 

Build Orders: Hatch First, Zergling Baneling 

Get SALT Encoding   

  12  0:01  Drone  
  13  0:13  Overlord  
  13  0:18  Drone  
  14  0:31  Drone x2  
  14  0:35  Drone  
  17  0:53  Hatchery  
  17  0:57  Drone  
  17  1:00  Drone  
  18  1:08  Extractor  
  17  1:16  Spawning Pool  
  16  1:20  Drone  
  17  1:38  Drone  
  17  1:39  Drone  
  19  1:46  Drone  
  20  1:50  Overlord  
  20  2:00  Drone  
  21  2:07  Metabolic Boost  
  21  2:14  Queen x2  
  25  2:19  Drone x2  
  27  2:24  Drone  
  27  2:26  Drone  
  27  2:29  Drone  
  30  2:41  Overlord  
  30  2:45  Baneling Nest  
  30  2:49  Zergling x4  
  32  2:51  Zergling x2  
  32  2:58  Zergling x2  
  33  3:01  Zergling x2  
  34  3:05  Overlord  
  34  3:10  Zergling x2  
  35  3:18  Zergling x2  
  36  3:23  Overlord  
  36  3:26  Zergling x8  
  36  3:27  Zergling x4  
  42  3:30  Zergling x2  
  43  3:37  Zergling x2  
  43  3:40  Drone  
  41  4:06  Zergling x16  
  41  4:11  Zergling x2  
  41  4:15  Zergling x2  
  43  4:22  Baneling x2  
  43  4:23  Baneling  
  43  4:24  Baneling  
  43  4:25  Baneling x2  
  43  4:27  Baneling  
  43  4:29  Baneling x2  
  36  4:49  Zergling x2  
  36  4:50  Zergling x20  
  44  5:02  Zergling x2  
  44  5:03  Zergling x2  
  43  5:27  Zergling x16  
  41  5:40  Drone x3  
  41  5:42  Queen x2  
  48  5:46  Baneling  
  48  5:52  Baneling x2  
  48  5:53  Baneling  
  48  5:56  Baneling x2  
  47  5:58  Baneling x2  
  47  6:07  Zergling x6  
  47  6:08  Zergling x2  
  33  6:43  Zergling x2  
  33  6:44  Zergling x16  
  38  6:55  Zergling x4  
  38  7:02  Baneling  
  38  7:03  Baneling x3  
  38  7:04  Baneling x2  
  38  7:06  Zergling x4  
  40  7:08  Baneling  
  40  7:09  Baneling  
  40  7:12  Zergling x2  
  31  7:57  Zergling x4  
  31  7:58  Zergling x8  
  22  7:59  Zergling x10  
  23  8:23  Drone x3  
  23  8:24  Drone x2  
  28  8:28  Baneling x2  
  28  8:30  Zergling x2  
  28  8:31  Zergling x6  
  32  8:38  Zergling x2  
  29  9:01  Zergling x12  
  27  9:10  Zergling x2  
  27  9:11  Zergling x2  
  27  9:15  Baneling x2  
  27  9:16  Baneling  
  27  9:17  Baneling  
  27  9:22  Zergling x4  
  29  9:31  Zergling x8  
  32  9:35  Drone x2  
Tags
 
Add a new tag
Caveats
  • Supply blocks, unpowered buildings, or Contaminate may cause inaccurate times.
  • Supply counts are checked every 10 seconds.